Cogmind - Beta 14 @@@ ROGUE MODE // 2025.03.09 @ 22:59:43 Player: Cogchaaaan Result: Destroyed by C-17 Slicer with Blade Saw Performance ------------- Evolutions (2) 1000 Regions Visited (8) 1600 Robots Destroyed (144) 720 Value Destroyed (5565) 5565 Prototype IDs (29) 580 Alien Tech Used (0) 0 Bonus (2561) 2561 TOTAL SCORE: 12026 Bonus ------- High Alert Combat Kills 669 Follower Combat Kills 233 Entered Garrisons 400 Used RIF Installer 1000 Aligned with FarCom 300 Friendly Fire -41 Cogmind --------- Core Integrity 0/550 Matter 266/300 Energy 96/160 System Corruption 0% Temperature Cool (0) Movement Treading (245) Ox1 Location -8/Garrison Parts ------- > --- POWER (1) -------- Light Nuclear Core > --- PROPULSION (3) --- Armored Treads Improved Medium Treads > --- UTILITY (4) ------ Improved Cooling System High-capacity Storage Unit Advanced Targeting Computer > --- WEAPON (3) ------- Advanced Beam Rifle Precision Assault Rifle Heavy Machine Gun > --- INVENTORY (20) --- Light Nuclear Core Reinforced Deuterium Engine Reinforced Deuterium Engine Improved Medium Treads Armored Wheel Cryofiber Web Improved Heat Sink Huge Storage Unit High-capacity Battery (250) Large Matter Pod (150) Structural Scanner Improved Light Armor Plating Layered Medium Armor Plating Relay Coupler [NC] (29) Magnetic Acceleration Cannon Magnetic Acceleration Cannon Magnetic Acceleration Cannon EMP Blaster Plasma Cutter Katana Peak State ------------ > --- POWER ------------ Reinforced Deuterium Engine > --- PROPULSION ------- Armored Treads Armored Treads Improved Medium Treads > --- UTILITY ---------- Improved Heat Sink High-capacity Storage Unit Advanced Targeting Computer Layered Medium Armor Plating > --- WEAPON ----------- Advanced Beam Rifle Precision Assault Rifle Heavy Machine Gun > --- INVENTORY -------- Light Nuclear Core Light Nuclear Core Improved Medium Treads Armored Wheel Cryofiber Web Improved Cooling System Huge Storage Unit Large Matter Pod Structural Scanner Improved Light Armor Plating Improved Light Armor Plating Magnetic Acceleration Cannon Magnetic Acceleration Cannon Magnetic Acceleration Cannon EMP Blaster Plasma Cutter Maul [Rating: 46] Favorites ----------- Power Improved Ion Engine Engine Improved Ion Engine Power Core Light Nuclear Core Propulsion Light Treads Treads Light Treads Leg Aluminum Leg Utility High-capacity Storage Unit Device Improved Heat Sink Storage High-capacity Storage Unit Processor Advanced Targeting Computer Protection Insulated Plating Weapon Light Assault Rifle Energy Gun Beamcaster Ballistic Gun Light Assault Rifle Launcher Grenade Launcher Special Weapon Mining Laser Impact Weapon Maul Slashing Weapon Katana Build | -11 -10 -10 -10 -9 -8 -8 -8 -8 ------- Run | Yrd Mat Min Exi Min Mat Gar Mat Gar Slots Evolved 4 | . . . . . 4 . . . Power . | . . . . . . . . . Propulsion 1 | . . . . . 1 . . . Utility 2 | . . . . . 2 . . . Weapon 1 | . . . . . 1 . . . Parts Attached 156 | 7 8 6 2 8 45 21 25 34 Power 13 | 1 1 1 . 1 5 . 1 3 Engine 12 | 1 1 1 . 1 5 . 1 2 Core 1 | . . . . . . . . 1 Reactor . | . . . . . . . . . Propulsion 26 | 2 1 2 . 3 4 3 6 5 Treads 23 | . . 2 . 3 4 3 6 5 Leg 3 | 2 1 . . . . . . . Wheel . | . . . . . . . . . Hover . | . . . . . . . . . Flight . | . . . . . . . . . Utility 44 | 2 4 1 . . 17 2 10 8 Device 28 | 1 3 1 . . 11 2 5 5 Storage 2 | 1 1 . . . . . . . Processor 3 | . . . . . 3 . . . Hackware . | . . . . . . . . . Protection 11 | . . . . . 3 . 5 3 Artifact . | . . . . . . . . . Weapon 73 | 2 2 2 2 4 19 16 8 18 Energy Gun 35 | 2 . . . . 12 8 5 8 Energy Cannon . | . . . . . . . . . Ballistic Gun 15 | . 2 2 1 3 3 . 1 3 Ballistic Cannon . | . . . . . . . . . Launcher 8 | . . . . 1 1 3 . 3 Special Weapon 1 | . . . 1 . . . . . Impact Weapon 12 | . . . . . 3 5 2 2 Slashing Weapon 2 | . . . . . . . . 2 Piercing Weapon . | . . . . . . . . . Special Melee Weapon . | . . . . . . . . . Unidentified Prototypes 6 | . . . . . 6 . . . Corrupted Parts 1 | . 1 . . . . . . . System Corruption 1 | . 1 . . . . . . . Parts Lost 22 | . . . . 5 1 4 2 10 Power 3 | . . . . 1 . . . 2 Propulsion 9 | . . . . 3 . 1 . 5 Utility 3 | . . . . . 1 2 . . Weapon 7 | . . . . 1 . 1 2 3 Highest Loss Streak 9 | . . . . 5 1 3 1 9 To Critical Strikes . | . . . . . . . . . Average Slot Usage (%) 95 | . 99 100 86 77 93 99 99 99 Engine 9 | . 14 14 14 6 9 9 9 5 Treads 23 | . . 28 28 28 27 26 26 26 Leg 3 | . 27 . . . . . . . Device 14 | . 14 14 14 14 16 17 13 9 Storage 10 | . 14 14 14 14 9 9 9 9 Processor 5 | . . . . . 8 9 9 9 Protection 1 | . . . . . . . 4 8 Energy Gun 8 | . 1 . . . 11 15 17 10 Ballistic Gun 14 | . 26 28 8 13 8 9 9 13 Peak Build Rating 46 | 7 10 13 26 26 44 36 37 46 Average Rating 28 | 5 9 10 17 24 38 33 35 41 On Entrance 20 | . 7 10 12 26 26 34 34 37 Naked Turns . | . . . . . . . . . Heaviest Build 76 | 15 50 50 56 58 68 62 61 76 Greatest Support 70 | 20 20 40 40 40 60 60 60 70 Greatest Overweight (x) 4 | 4 2 1 1 1 1 1 1 1 Average Overweight (x) . | . 1 1 1 1 . . . . Largest Inventory Capacity 20 | 8 20 20 20 20 20 20 20 20 Average Capacity 19 | 7 18 20 20 20 20 20 20 20 Most Carried 20 | 5 20 20 20 20 20 20 20 20 Average Carried 18 | 3 15 19 19 15 18 18 19 18 Final Capacity 20 | 8 20 20 20 20 20 20 20 20 Final Carried 20 | 5 20 20 20 15 20 18 19 20 Class Distribution -------------------- 31% | Skirmisher 24% | Mutant 22% | Scavenger-Skirmisher 21% | Scavenger-Mutant Dominant Class ---------------- Mutant | -10/Materials Scavenger-Mutant | -10/Mines Scavenger-Mutant | -10/Exiles Mutant | -9/Mines Scavenger-Skirmisher | -8/Materials Skirmisher | -8/Garrison Skirmisher | -8/Materials Skirmisher | -8/Garrison Resources | -11 -10 -10 -10 -9 -8 -8 -8 -8 ----------- Run | Yrd Mat Min Exi Min Mat Gar Mat Gar Matter Collected 2916 | 152 369 239 . 177 559 452 384 584 Remotely . | . . . . . . . . . Salvage Created 6123 | 121 512 143 . 100 2081 1188 864 1114 Parts 355 | 6 37 20 . 6 135 39 48 64 Haulers Intercepted 11 | . 2 . . . 5 . 4 . Recyclers Shooed . | . . . . . . . . . Parts Field Recycled . | . . . . . . . . . Retrieved Matter . | . . . . . . . . . Parts Self-Destructed . | . . . . . . . . . Prevented . | . . . . . . . . . Kills | -11 -10 -10 -10 -9 -8 -8 -8 -8 ------- Run | Yrd Mat Min Exi Min Mat Gar Mat Gar Combat Hostiles Destroyed 134 | . 12 7 . 19 35 21 15 25 Guns 103 | . 12 7 . 4 34 13 15 18 AOE 30 | . . . . 15 1 8 . 6 Classes Destroyed 14 | 2 4 . . 1 3 1 1 2 Builder 2 | . . . . . 2 . . . Tunneler 3 | 1 . . . 1 1 . . . Hauler 11 | . 2 . . . 5 . 4 . Recycler 5 | 1 1 . . . 3 . . . Watcher 6 | . 2 . . . 3 . 1 . Swarmer 43 | . 9 6 . 2 9 7 4 6 Grunt 49 | . 3 1 . . 15 12 6 12 Brawler 1 | . . . . . . . . 1 Duelist 5 | . . . . . 1 . . 4 Sentry 14 | . . . . . 10 1 3 . Hunter 2 | . . . . . . . 2 . Programmer 1 | . . . . . . 1 . . Behemoth 2 | . . . . . . . . 2 Assembled 17 | . . . . 17 . . . . Best Kill Streak 17 | 2 4 3 . 17 7 6 3 3 Combat Bots Only 17 | . 3 3 . 17 6 6 3 3 Max Kills in Single Turn 4 | 1 1 1 . 4 2 2 1 2 Gunslinging . | . . . . . . . . . Exploded 4 | . . . . 4 1 2 . 2 Melee . | . . . . . . . . . Uniques/NPCs Destroyed . | . . . . . . . . . Combat | -11 -10 -10 -10 -9 -8 -8 -8 -8 -------- Run | Yrd Mat Min Exi Min Mat Gar Mat Gar Hostile Shots Fired 496 | . 51 31 . 36 80 93 61 144 Missed 156 | . 11 7 . 8 21 33 21 55 Damage Taken 5448 | . 409 210 . 666 852 790 467 2054 Core 795 | . 105 37 . 102 109 123 47 272 Absorbed by Shields . | . . . . . . . . . Regen/Repaired (Parts) 7 | . . . . . 7 . . . Core Remaining (%) 51 | 100 . . . 2 . . . . Volleys Fired 330 | 7 59 22 . 10 71 46 47 68 Largest 3 | 2 2 2 . 2 3 3 3 3 Hottest 199 | 80 80 40 . 53 161 161 166 199 Shots Fired 806 | 14 118 47 . 19 198 108 137 165 Gun 773 | 14 118 47 . 12 194 96 137 155 Cannon . | . . . . . . . . . Launcher 33 | . . . . 7 4 12 . 10 Special . | . . . . . . . . . Kinetic 420 | . 108 47 . 12 106 33 47 67 Thermal 329 | . . . . . 88 63 90 88 Explosive 23 | . . . . 7 4 12 . . Electromagnetic 34 | 14 10 . . . . . . 10 Robot Hit Streak 38 | 2 14 10 . 4 38 15 20 27 Robot Miss Streak 4 | 2 4 3 . 2 3 2 3 2 Penetration Max . | . . . . . . . . . Secondary Targets 14 | . . 1 . 1 4 1 2 5 Max Gunslinging Chain 1 | . . 1 . 1 1 1 1 1 Autonomous 92 | . . . . 6 86 . . . Shots Hit Robots 553 | 7 72 23 . 9 153 78 88 123 Core Hits 279 | 3 28 11 . 34 71 47 34 51 Critical Kills 3 | . 1 . . . . 2 . . Critical Parts Destroyed 6 | . . . . . 1 5 . . Critical Strikes 31 | . 2 . . . 10 9 3 7 Burn 20 | . . . . . 9 2 3 6 Destroy 3 | . 1 . . . 1 . . 1 Corrupt 1 | . 1 . . . . . . . Smash 7 | . . . . . . 7 . . Melee Attacks 45 | . . . . . 3 27 2 13 Impact 34 | . . . . . 3 27 2 2 Slashing 11 | . . . . . . . . 11 Piercing . | . . . . . . . . . Sneak Attacks . | . . . . . . . . . Combat Hostiles . | . . . . . . . . . Follow-up Attacks . | . . . . . . . . . Damage Inflicted 13685 | 93 624 196 . 1066 4261 2830 1700 2915 Guns 10361 | 93 615 180 . 158 4004 1186 1671 2454 Cannons . | . . . . . . . . . Explosions 2368 | . . . . 898 257 752 . 461 Melee 892 | . . . . . . 892 . . Ramming 64 | . 9 16 . 10 . . 29 . Kinetic 5212 | . 561 180 . 158 2506 310 466 1031 Thermal 5072 | . . . . . 1498 876 1205 1493 Explosive 1907 | . . . . 898 257 752 . . Electromagnetic 538 | 93 54 . . . . . . 391 Impact 892 | . . . . . . 892 . . Slashing . | . . . . . . . . . Piercing . | . . . . . . . . . Highest Corruption 1 | . 1 1 1 1 . . . . Average Corruption 1 | . 1 1 1 1 . . . . Corruption Purged . | . . . . . . . . . Corruption Blocked . | . . . . . . . . . Effects 36 | . 11 15 3 7 . . . . Message Errors 5 | . 1 3 . 1 . . . . Matter Fused 11 | . 7 3 . 1 . . . . Heat Flow Errors 5 | . 1 4 . . . . . . Energy Discharges 6 | . . 1 1 4 . . . . Parts Fused 1 | . . . . 1 . . . . Data Loss (minor) 2 | . 2 . . . . . . . Data Loss (major) 3 | . . 1 2 . . . . . Misfires 3 | . . 3 . . . . . . Overload Shots . | . . . . . . . . . Overflow Damage 339 | . . . . 33 . 306 . . Projectiles . | . . . . . . . . . Explosions 37 | . . . . 33 . 4 . . Melee 302 | . . . . . . 302 . . Knockbacks 2 | . . . . . . 2 . . Impact 2 | . . . . . . 2 . . Kinetic . | . . . . . . . . . Secondary . | . . . . . . . . . Self-Inflicted Damage 141 | . . . . 137 . . . 4 Shots 4 | . . . . 3 . . . 1 Rammed 9 | . . 2 . . . . 7 . Targets Rammed 13 | . 3 2 . 1 . . 7 . Kicked 3 | . 3 . . . . . . . Crushed 1 | . . . . 1 . . . . Highest Temperature 366 | 68 148 171 . . 108 170 366 192 Average Temperature 71 | 32 22 72 . . 30 75 106 65 Received Heat Transfer 1260 | . 96 36 . . 306 324 126 372 Siege Activations . | . . . . . . . . . Robots Corrupted 4 | . . . . . . 4 . . Combat Hostiles . | . . . . . . . . . Parts Fried 6 | 1 . . . . . 4 . 1 Impact Corruptions 6 | . . . . . . 6 . . Robots Melted 1 | . . . . . . . . 1 Combat Hostiles 1 | . . . . . . . . 1 Parts Melted 12 | . . . . . 5 . 4 3 Heat Transferred 10509 | . . . . . 3330 1529 2553 3097 Parts Sabotaged . | . . . . . . . . . Parts Stolen . | . . . . . . . . . Parts Stripped . | . . . . . . . . . Power Chain Reactions 1 | . . . . . . . . 1 Alert | -11 -10 -10 -10 -9 -8 -8 -8 -8 ------- Run | Yrd Mat Min Exi Min Mat Gar Mat Gar Peak Influence 1200 | 10 174 75 . 70 528 1172 753 1200 Initial 561 | . 6 5 . . . 182 561 375 Average 321 | 2 41 19 . 27 166 696 586 712 Maximum Alert Level 4 | . . . . . 2 4 3 4 Low Security (%) 51 | 100 100 100 . 100 62 3 . . Level 1 10 | . . . . . 28 15 . 4 Level 2 22 | . . . . . 8 26 91 50 Level 3 13 | . . . . . . 46 8 34 Level 4 3 | . . . . . . 9 . 10 Level 5 . | . . . . . . . . . High Security . | . . . . . . . . . Max Security . | . . . . . . . . . Squads Dispatched 6 | . 1 . . . 2 . 3 . Investigation . | . . . . . . . . . Extermination . | . . . . . . . . . Reinforcement 4 | . 1 . . . 1 . 2 . Assault 1 | . . . . . . . 1 . Garrison 1 | . . . . . 1 . . . Intercept . | . . . . . . . . . Searches Triggered . | . . . . . . . . . Construction Impeded . | . . . . . . . . . Haulers Reinforced . | . . . . . . . . . Active Scanning Responses . | . . . . . . . . . Cargo Convoy Interrupts . | . . . . . . . . . Stealth | -11 -10 -10 -10 -9 -8 -8 -8 -8 --------- Run | Yrd Mat Min Exi Min Mat Gar Mat Gar Distress Signals 8 | . 2 . . . 3 . 3 . Communications Jammed . | . . . . . . . . . Distress Signals . | . . . . . . . . . Times Spotted 186 | . 26 7 . 22 44 30 24 33 Peak Tracking Total 15 | . 5 3 . 15 5 4 4 6 Tactical Retreats 9 | . 1 . . 1 1 2 2 2 Traps | -11 -10 -10 -10 -9 -8 -8 -8 -8 ------- Run | Yrd Mat Min Exi Min Mat Gar Mat Gar Traps Triggered 15 | . 1 . . . 1 5 2 6 Indirectly . | . . . . . . . . . Trap Hack Attempts . | . . . . . . . . . Triggered . | . . . . . . . . . Disarmed . | . . . . . . . . . Reprogrammed . | . . . . . . . . . Reused . | . . . . . . . . . Traps Extracted . | . . . . . . . . . Installed . | . . . . . . . . . Triggered . | . . . . . . . . . Machines | -11 -10 -10 -10 -9 -8 -8 -8 -8 ---------- Run | Yrd Mat Min Exi Min Mat Gar Mat Gar Machines Disabled 9 | . . . . 1 1 3 . 4 Max in Single Turn 1 | . . . . 1 1 1 . 1 Garrison Relay 7 | . . . . . . 3 . 4 Machines Repaired . | . . . . . . . . . Machines Dismantled . | . . . . . . . . . Machines Sabotaged . | . . . . . . . . . Overloaded Fab Kills . | . . . . . . . . . Hacking | -11 -10 -10 -10 -9 -8 -8 -8 -8 --------- Run | Yrd Mat Min Exi Min Mat Gar Mat Gar Machines Accessed 27 | . 7 1 1 . 9 3 5 1 Terminals 22 | . 6 1 . . 7 3 4 1 Fabricators . | . . . . . . . . . Repair Stations 1 | . . . . . 1 . . . Recycling Units 1 | . 1 . . . . . . . Scanalyzers . | . . . . . . . . . Garrison Access 2 | . . . . . 1 . 1 . Total Hacks 70 | . 19 2 1 . 27 4 14 3 Successful 37 | . 12 2 1 . 14 1 5 2 Failed 33 | . 7 . . . 13 3 9 1 Catastrophic 5 | . . . . . 3 2 . . Database Lockouts . | . . . . . . . . . Manual 42 | . 12 2 1 . 15 . 10 2 Terminals 62 | . 17 2 . . 23 4 13 3 Fabricators . | . . . . . . . . . Repair Stations 3 | . . . . . 3 . . . Recycling Units 2 | . 2 . . . . . . . Scanalyzers . | . . . . . . . . . Garrison Access 2 | . . . . . 1 . 1 . Terminal Hacks 21 | . 8 2 1 . 7 1 1 1 Part Schematic 2 | . 2 . . . . . . . Robot Analysis 2 | . 1 1 . . . . . . Branch Access Points 1 | . 1 . . . . . . . Emergency Access Points 1 | . . . . . . . . 1 Terminal Index 1 | . . . . . 1 . . . Unreport Threat 4 | . 1 . . . 2 . 1 . Locate Traps 4 | . 3 . . . 1 . . . Zone Layout 4 | . . 1 . . 3 . . . Garrison Registry 1 | . . . . . . 1 . . Derelict Proto ID Bank 1 | . . . 1 . . . . . Fabricator Hacks . | . . . . . . . . . Repair Station Hacks 2 | . . . . . 2 . . . Scan Component 1 | . . . . . 1 . . . Repair 1 | . . . . . 1 . . . Recycling Unit Hacks 1 | . 1 . . . . . . . Retrieve Components 1 | . 1 . . . . . . . Scanalyzer . | . . . . . . . . . Garrison Access Hacks 2 | . . . . . 1 . 1 . Unlock Access 2 | . . . . . 1 . 1 . Unauthorized Hacks 11 | . 3 . . . 4 . 3 1 Terminals 11 | . 3 . . . 4 . 3 1 Botnet 11 | . 3 . . . 4 . 3 1 Fabricators . | . . . . . . . . . Repair Stations . | . . . . . . . . . Recycling Units . | . . . . . . . . . Scanalyzers . | . . . . . . . . . Garrison Access . | . . . . . . . . . Data Cores Recovered . | . . . . . . . . . Used . | . . . . . . . . . Hacking Detections 22 | . 6 1 . . 8 2 4 1 Full Trace Events . | . . . . . . . . . Feedback Events . | . . . . . . . . . Feedback Blocked . | . . . . . . . . . Robot Schematics Acquired . | . . . . . . . . . Robots Built . | . . . . . . . . . Authchips . | . . . . . . . . . Time . | . . . . . . . . . Total Robot Build Rating . | . . . . . . . . . Part Schematics Acquired 2 | . 2 . . . . . . . Parts Built . | . . . . . . . . . Authchips . | . . . . . . . . . Time . | . . . . . . . . . Total Part Build Rating . | . . . . . . . . . Parts Repaired 1 | . . . . . 1 . . . Time 26 | . . . . . 26 . . . Parts Recycled . | . . . . . . . . . Recycled Matter . | . . . . . . . . . Retrieved Matter . | . . . . . . . . . Retrieved Components 10 | . 10 . . . . . . . Parts Scanalyzed . | . . . . . . . . . Part Schematics Acquired . | . . . . . . . . . Parts Damaged . | . . . . . . . . . Bothacking | -11 -10 -10 -10 -9 -8 -8 -8 -8 ------------ Run | Yrd Mat Min Exi Min Mat Gar Mat Gar Used RIF Installer 2 | . . . . . . 1 . 1 Watcher Feeds 1 | . . . . . . . . 1 Robots Hacked . | . . . . . . . . . Non-combat . | . . . . . . . . . Combat . | . . . . . . . . . Robot Hacks Applied . | . . . . . . . . . Relay Couplers Released 38 | . . . . . . 19 . 19 Machine Destruction 34 | . . . . . . 15 . 19 Programmers 4 | . . . . . . 4 . . Fabnet Peak Effective % . | . . . . . . . . . Robots Rewired 3 | . . . . . . 3 . . Allies Hacked . | . . . . . . . . . Hacks Repelled . | . . . . . . . . . Allies | -11 -10 -10 -10 -9 -8 -8 -8 -8 -------- Run | Yrd Mat Min Exi Min Mat Gar Mat Gar Total Allies 6 | . . 1 . 2 . 3 . . Largest Group 3 | . . 1 . 2 1 3 . . Highest-Rated Group 72 | . . 31 . 45 31 72 . . Highest-Rated Ally 31 | . . 31 . 31 31 24 . . Total Orders . | . . . . . . . . . Ally Attacks 37 | . . 6 . 2 2 27 . . Total Damage 770 | . . 106 . 42 . 622 . . Kills 7 | . . 1 . 1 . 5 . . Allies Corrupted . | . . . . . . . . . Allies Melted 1 | . . 1 . . . . . . Intel | -11 -10 -10 -10 -9 -8 -8 -8 -8 ------- Run | Yrd Mat Min Exi Min Mat Gar Mat Gar Robot Analysis Total 2 | . 1 1 . . . . . . Derelict Logs Recovered 4 | . . 2 . 2 . . . . Drone Launches . | . . . . . . . . . Drone Recoveries . | . . . . . . . . . Exploration | -11 -10 -10 -10 -9 -8 -8 -8 -8 ------------- Run | Yrd Mat Min Exi Min Mat Gar Mat Gar Turns Passed 12705 | 87 1744 1497 514 902 3101 2089 1196 1575 Spaces Moved 4733 | 36 648 528 213 360 1132 749 440 627 Core 8 | 8 . . . . . . . . Treads 4049 | . . 528 213 360 1132 749 440 627 Legs 676 | 28 648 . . . . . . . Wheels . | . . . . . . . . . Hover . | . . . . . . . . . Flight . | . . . . . . . . . Fastest Speed 50 | 50 120 240 240 240 163 163 166 163 Average Speed 230 | 125 234 240 240 240 242 240 200 201 Slowest Speed 260 | 250 260 240 240 240 243 243 250 250 Overloaded Moves . | . . . . . . . . . Propulsion Burnouts . | . . . . . . . . . Robots Hopped . | . . . . . . . . . Cave-ins Triggered . | . . . . . . . . . Exploration Rate (%) 66 | 3 96 89 61 79 87 64 39 80 Regions Visited 8 Branch Regions 3 Pre-discovered Areas 1 | . . . . 1 . . . . Known Exits Taken 3 | . 1 . . . 1 . 1 . Unknown Exits Taken 4 | 1 . 1 1 1 . . . . Scrap Searched 3 | . . 2 . 1 . . . . Spaces Dug 8 | . . . . . 3 3 2 . Terrain Destroyed 121 | . . . . 53 47 18 2 1 Melee 8 | . . . . . 3 3 2 . Projectile 52 | . . . . 7 44 1 . . AOE 61 | . . . . 46 . 14 . 1 Terrain Rammed . | . . . . . . . . . Walls Destroyed . | . . . . . . . . . Machines Disabled . | . . . . . . . . . Actions | -11 -10 -10 -10 -9 -8 -8 -8 -8 --------- Run | Yrd Mat Min Exi Min Mat Gar Mat Gar Total 5859 | 60 772 722 217 386 1386 900 637 779 Wait 412 | 6 29 151 . 5 86 20 106 9 Move 4724 | 35 647 527 212 359 1131 747 439 627 Hop . | . . . . . . . . . Pick Up 72 | 5 19 5 . . 23 3 4 13 Fast Attach 49 | 7 3 4 1 1 16 3 9 5 Attach 29 | . 1 . . 7 7 3 2 9 Detach 3 | . . . 1 2 . . . . Swap 78 | . 4 2 1 . 22 15 14 20 Drop 62 | . 7 9 2 1 27 4 7 5 Fire 330 | 7 59 22 . 10 71 46 47 68 Melee 45 | . . . . . 3 27 2 13 Ram . | . . . . . . . . . Kick 3 | . 3 . . . . . . . Crush 10 | . . 2 . 1 . . 7 . Escape Stasis 20 | . . . . . . 10 . 10 Rewire 22 | . . . . . . 22 . . Trap . | . . . . . . . . . Miscellaneous . | . . . . . . . . . Route ------- -11/Scrapyard -10/Materials (discovered 5 exits: [*Mat x3] / *Min x2) -10/Mines (discovered 3 exits: [*Mat x2] / *Exi) -10/Exiles (discovered 2 exits: [*Min x2]) -9/Mines -8/Materials (discovered 4 exits: *Fac x3 / Gar) -8/Garrison (discovered 3 exits: *Mat x3) -8/Materials -8/Garrison (discovered 2 exits: *Fac x2) History --------- Turn | Location | Event 19 | -11/Scrapyard | Discovered new exit (range 16) 88 | -11/Scrapyard | Entered Materials 124 | -10/Materials | Discovered new exit (range 6) 243 | -10/Materials | Discovered new exit (range 8) 303 | -10/Materials | Build established: Mutant 380 | -10/Materials | Identified exit to Mines 597 | -10/Materials | Discovered new exit (range 15) 1248 | -10/Materials | Discovered new exit (range 16) 1832 | -10/Materials | Entered Mines 2209 | -10/Mines | Discovered new exit (range 6) 2216 | -10/Mines | Received a Rocket Launcher from a helpful Derelict 2422 | -10/Mines | Build established: Scavenger-Mutant 2478 | -10/Mines | A weapon hastily lodged in a ceiling crevice suddenly fell to the ground 2721 | -10/Mines | Received a Mining Laser from a helpful Derelict 2844 | -10/Mines | Learned location of 2 exits from Materials 2873 | -10/Mines | Discovered new exit (range 11) 2908 | -10/Mines | Core integrity fell below 50% 3000 | -10/Mines | Deemed a non-threat by the Exiles lab entrance 3003 | -10/Mines | Discovered new exit (range 5) 3329 | -10/Mines | Entered Exiles 3361 | -10/Exiles | Discovered new exit (range 15) 3399 | -10/Exiles | Met 8R-AWN 3433 | -10/Exiles | Met EX-HEX 3507 | -10/Exiles | Met EX-BIN 3541 | -10/Exiles | Aligned with FarCom system 3543 | -10/Exiles | Given EX-Vault access code 3598 | -10/Exiles | Opened EX-Vault 3611 | -10/Exiles | Found AWS/Gauss 3660 | -10/Exiles | Warned to stay clear of 0b10 Research branches 3737 | -10/Exiles | Met EX-DEC 3816 | -10/Exiles | Discovered new exit (range 14) 3843 | -10/Exiles | Left Exiles lab with AWS/Gauss 3843 | -10/Exiles | Entered Mines 3844 | -9/Mines | Assembled infested the area 3882 | -9/Mines | Core integrity fell below 20% 3907 | -9/Mines | Destroyed 17 combat bots 3910 | -9/Mines | Lost 5 parts (1p3n1w) 4142 | -9/Mines | Build established: Mutant 4373 | -9/Mines | Learned 4 Materials zone layouts 4682 | -9/Mines | Learned location of Zion (-6) 4711 | -9/Mines | Discovered new exit (range 8) 4745 | -9/Mines | Entered Materials 4745 | -8/Materials | Accompanied by 1 ally 4745 | -8/Materials | Evolved 4 slots: Propulsion x1, Utility x2, Weapon x1 4746 | -8/Materials | Identified exit to Factory 4750 | -8/Materials | Led the pair of lost Derelicts to an unsafe place 5262 | -8/Materials | Build established: Scavenger-Skirmisher 5596 | -8/Materials | Garrison activated, responded to threat 6136 | -8/Materials | Repaired Structural Scanner 6706 | -8/Materials | Build established: Skirmisher 6805 | -8/Materials | AWS/Gauss suddenly broke down 7824 | -8/Materials | Identified exit to Garrison 7846 | -8/Materials | Entered Garrison 7897 | -8/Garrison | Triggered checkpoint 7974 | -8/Garrison | Installed Relay Interface Framework 8024 | -8/Garrison | Garrison Relay disabled 8138 | -8/Garrison | Triggered checkpoint 8189 | -8/Garrison | Triggered checkpoint 8295 | -8/Garrison | Triggered checkpoint 8464 | -8/Garrison | Discovered new exit (range 12) 8538 | -8/Garrison | Triggered checkpoint 8579 | -8/Garrison | Garrison Relay disabled 8743 | -8/Garrison | Triggered checkpoint 8800 | -8/Garrison | Lost 3 parts (1n1u1w) 8938 | -8/Garrison | Discovered new exit (range 10) 9260 | -8/Garrison | Build established: Scavenger-Mutant 9280 | -8/Garrison | Discovered new exit (range 12) 9304 | -8/Garrison | Triggered checkpoint 9370 | -8/Garrison | Triggered checkpoint 9735 | -8/Garrison | Discovered new exit (range 30) 9735 | -8/Garrison | Discovered new exit (range 54) 9735 | -8/Garrison | Discovered new exit (range 23) 9862 | -8/Garrison | Garrison Relay disabled 9935 | -8/Garrison | Entered Materials 10247 | -8/Materials | Build established: Skirmisher 10335 | -8/Materials | First assault squad dispatched 10830 | -8/Materials | Core integrity fell below 50% 11128 | -8/Materials | Identified exit to Garrison 11131 | -8/Materials | Entered Garrison 11175 | -8/Garrison | Triggered checkpoint 11204 | -8/Garrison | Garrison Relay disabled 11365 | -8/Garrison | Triggered checkpoint 11426 | -8/Garrison | Triggered checkpoint 11553 | -8/Garrison | Triggered checkpoint 11613 | -8/Garrison | Triggered checkpoint 11649 | -8/Garrison | Triggered checkpoint 11707 | -8/Garrison | Spotted B-75 Beast 11707 | -8/Garrison | Spotted B-75 Beast 11733 | -8/Garrison | Destroyed B-75 Beast 11765 | -8/Garrison | Core integrity fell below 20% 11788 | -8/Garrison | Destroyed B-75 Beast 11804 | -8/Garrison | Lost 9 parts (1p5n3w) 11903 | -8/Garrison | Discovered exit to Factory (range 5) 11948 | -8/Garrison | Expanded RIF knowledge: Watcher Feeds 12075 | -8/Garrison | Triggered checkpoint 12261 | -8/Garrison | Build established: Scavenger-Skirmisher 12265 | -8/Garrison | Garrison Relay disabled 12448 | -8/Garrison | Discovered exit to Factory (range 12) 12487 | -8/Garrison | Triggered checkpoint 12523 | -8/Garrison | Garrison Relay disabled 12701 | -8/Garrison | Garrison Relay disabled 12706 | -8/Garrison | Destroyed by C-17 Slicer with Blade Saw Last Messages --------------- 12523_ Relay Coupler [Sentry] tumbles out of relay unit. 12527_ Acquired Relay Coupler [NC]. 12621_ Acquired 10 matter. 12701_ Garrison Relay disabled. 12701_ Relay Coupler [Sentry] tumbles out of relay unit. 12701_ Relay Coupler [Swarmer] tumbles out of relay unit. 12701_ Relay Coupler [NC] tumbles out of relay unit. 12701_ Relay Coupler [Duelist] tumbles out of relay unit. 12701_ Relay Coupler [Swarmer] tumbles out of relay unit. Garrison Door activated. 12703_ Prc. Assault Rifle severed. 12703_ Acquired Prc. Assault Rifle. 12705_ Lyr. Medium Armor Plating severed. 12705_ Arm. Treads severed. Map ----- +----------------------------------------------------+ | ?????????????????????????????????????????????????? | | ?????????????????????????????????????????????????? | | ?????????????????????????????????????????????????? | | ?????????????????????????????????????????????????? | | ?????????????????????????????????????????????????? | | ?????????????????????????????????????????????????? | | ?????????????????????????????????????????????????? | | ?????????????????????????????????????????????????? | | ?????????????????????????????????????????????????? | | ?????????????????????????????????????????????????? | | ?????????????????????????????????????????????????? | | ?????????????????????????????????????????????????? | | ?????????????????????????????????????????????????? | | ?????????????????????????????????????????????????? | | ?????????????????????????????????????????????????? | | ?????????????????????????????????????????????????? | | ?????????????????????????????????????????????????? | | ?????????????????????????????????????????????????? | | ?????????????????????????????????????????????????? | | ?????????????????????????????????????????????????? | | ?????????????????????????????????????????????????? | | ????????????????????#####????????????????????????? | | ????????????????????#" ????????????????????????? | | ?????????????# #####!!!##??????????????????????? | | ?????????? s !c=#??????????????????????? | | ?????????? ss c@#??????????????????????? | | ?????????????????#######c #??????????????????????? | | ???????????????????????# #??????????????????????? | | ???????????????????????# #????????????########### | | ??????????? ############ #######??????# | | ?????????? #??????# ^ | | ?????????? #??????# | | ?????????? #??????# ####### | | ???????????+#############;### #??????# #?????? | | ????????????????????????# #?# #??????# #?????? | | ????????????????????????# #?# #??????+ +?????? | | ????????????????????????# #?# #??????# #?????? | | ??????????# ############# #?# #####+## #?????? | | ??????????# #?# ## ## #?????? | | ??????????############### #?# ## =% ## #?????? | | ????????????????????????# ### #?????? | | ????????????????????????# "=! +?????? | | ????????????????????????##### = +?????? | | ????????????????????????????#= ## ## #?????? | | ??????????????????????????###%=%## ## ###???? | | ??????????????????????????# = #???? | | ??????????????????????????# #???? | | ??????????????????????????# #???? | | ??????????????????????????# +???? | | ??????????????????????????###^^^## ## ###???? | +----------------------------------------------------+ Best States ------------- Heat Dissipation 69 Energy Generation 18 Energy Capacity 290 Matter Stores 300 Matter Capacity 300 Sight Range 16 Terrain Scan Density 10 Base Temperature (-) 100 Armor Coverage 225 Resistance: EM 15 Evasion (%) 55 Targeting Accuracy 8 Recoil Reduction 3 Item Schematics ----------------- Huge Storage Unit | -10/Materials | Hacked Structural Scanner | -10/Materials | Hacked Robot Schematics ------------------ None Fabricated ------------ Nothing Alien Tech Used ----------------- None Achievements -------------- None Challenges ------------ None Game ------ Seed ScatterNullChainsaw Manual? 0 Play Time 01:25:40 Cumulative 152.8 hours Start 2025.03.09 @ 21:29:07 End 2025.03.09 @ 22:59:43 Sessions 1 Manual Loads 0 Difficulty Rogue Special Mode None Game No. 99 Rogue 99 Adventurer 0 Explorer 0 Win Type - Total 13 Types 12/0/1/0/0/0/0/0/0 Lore% 33 Gallery% 50 Achievement% 51 Wizard Run 0 Options --------- Layout 1 ASCII 0 Keyboard 0 Movement Arrows Keybinds 0 Fullscreen 2 Font 24/Terminus Map View 50x35 Zoom Use 0% Tactical HUD 1 Map Filters NONE Filters NONE Steam 0 RUN: bee36abc-ca6d-4c3e-8ed3-174b3a61d627